 Dungeon Crawl Stone Soup version 0.26-a0-597-gb535b0901c (webtiles) character file.

Game seed: 13591641599884116293

12442 Cokeysmoke the Thaumaturge (level 11, 0/54 HPs)
             Began as a Deep Elf Air Elementalist on Sept 4, 2020.
             Was an Elder of Sif Muna.
             Slain by an ice beast (14 damage)
             ... summoned by an ice statue
             ... in an ice cave.
             The game lasted 01:20:31 (15985 turns).

Cokeysmoke the Thaumaturge (DEAE)                  Turns: 15985, Time: 01:20:32

Health: 0/54       AC: 10    Str:  5    XL:     11   Next: 62%
Magic:  5/28       EV: 14    Int: 24    God:    Sif Muna [****..]
Gold:   471        SH:  8    Dex: 15    Spells: 8/32 levels left

rFire    . . .     SeeInvis .   d - staff of conjuration
rCold    . . .     Faith    .   g - +3 buckler
rNeg     . . .     Spirit   .   n - +1 acid dragon scales
rPois    .         Reflect  .   s - +0 helmet "Gigamp" {+Fly}
rElec    .         Harm     .   (no cloak)
rCorr    +                      (no gloves)
MR       ++...                  t - +1 pair of boots
Stlth    +++.......             y - amulet of the acrobat
HPRegen  0.18/turn              h - ring of wizardry
MPRegen  0.21/turn              B - ring of protection from magic

@: no status effects
A: no striking features
a: Channel Magic, Forget Spell, Divine Exegesis, Renounce Religion, Evoke Flight


You were in an ice cave.
You worshipped Sif Muna.
Sif Muna was greatly pleased with you.
You visited 3 branches of the dungeon, and saw 14 of its levels.
You also visited: Sewer and Ice Cave.

You collected 856 gold pieces.
You spent 385 gold pieces at shops.

Inventory:

Missiles
 K - a throwing net (quivered)
Armour
 g - a +3 buckler (worn)
 j - a +1 helmet
 n - +1 acid dragon scales (worn)
 s - the +0 helmet "Gigamp" (worn) {+Fly}
   (You bought it in a shop on level 8 of the Dungeon)

   It lets you fly.
 t - a +1 pair of boots (worn)
 J - the +0 scale mail of the Enchanted Forest {rCorr Dex+4 Slay+3}
   (You found it on level 10 of the Dungeon)

   It affects your dexterity (+4).
   It affects your accuracy and damage with ranged weapons and melee attacks
   (+3).
   It provides partial protection from all sources of acid and corrosion.
Magical Staves
 d - an uncursed staff of conjuration (weapon)
 F - an uncursed staff of earth
Jewellery
 h - a ring of wizardry (left hand)
 l - an uncursed ring of see invisible
 y - an amulet of the acrobat (around neck)
 B - a ring of protection from magic (right hand)
 L - an uncursed ring of magical power
Wands
 i - a wand of digging (11)
 A - a wand of flame (13)
 C - a wand of acid (25)
 I - a wand of disintegration (15)
 M - a wand of random effects (15)
Scrolls
 a - 3 scrolls of teleportation
 b - 2 scrolls of fear
 f - a scroll of immolation
 o - 4 scrolls of remove curse
 p - 2 scrolls of magic mapping
 w - 3 scrolls of amnesia
 x - 3 scrolls of fog
 z - 2 scrolls of blinking
 H - a scroll of acquirement {unknown}
Potions
 c - a potion of cancellation
 e - 3 potions of ambrosia
 k - 2 potions of lignification
 m - 2 potions of berserk rage
 q - 3 potions of flight
 r - a potion of heal wounds {unknown}
 u - a potion of mutation {unknown}
 v - 2 potions of haste {unknown}
 D - a potion of curing
 E - 2 potions of might {unknown}
Miscellaneous
 G - a phantom mirror


   Skills:
 - Level 5.2 Staves
 - Level 2.1 Armour
 + Level 6.5 Dodging
 - Level 6.0 Stealth
 - Level 4.0 Shields
 * Level 11.3 Spellcasting
 + Level 7.2 Conjurations
 - Level 2.3 Hexes
 - Level 2.0 Translocations
 + Level 1.4 Ice Magic
 * Level 9.2 Air Magic
 + Level 5.9 Invocations
 - Level 3.8 Evocations


You had 8 spell levels left.
You knew the following spells:

 Your Spells              Type           Power        Failure   Level
a - Shock                 Conj/Air       ####         1%          1
b - Swiftness             Air            ######..     1%          2
c - Static Discharge      Conj/Air       ######..     1%          3
d - Airstrike             Air            ######....   1%          4
e - Confusing Touch       Hex            ####....     4%          3
f - Gell's Gravitas       Tloc           ###.......   4%          3
g - Lightning Bolt        Conj/Air       ######....   3%          5
h - Ozocubu's Armour      Ice            ###.....     6%          3

Your spell library contained the following spells:

 Spells                   Type           Power        Failure   Level
 Poisonous Vapours        Pois/Air       #####.       1%          2
 Mephitic Cloud           Conj/Pois/Air  ######..     1%          3
 Freeze                   Ice            ###.         2%          1
 Sting                    Tmut/Pois      ##..         4%          1
 Frozen Ramparts          Ice            ###...       6%          3
 Hailstorm                Conj/Ice       ######..     6%          4
 Ignite Poison            Fire/Tmut/Pois ##......     12%         3
 Summon Ice Beast         Ice/Summ       ###.....     28%         4
 Olgreb's Toxic Radiance  Pois           ##......     34%         4
 Petrify                  Tmut/Erth      ##......     34%         4
 Metabolic Englaciation   Hex/Ice        ###.......   43%         5
 Yara's Violent Unravell  Hex/Tmut       ###.......   52%         5


Dungeon Overview and Level Annotations

Branches:
Dungeon (11/15)            Temple (1/1) D:6            Lair (0/6) D:8
    Orc (2/2) D:11            Elf (0/3) Orc:2         Sewer (visited)
  IceCv (1/1)

Altars:
Ashenzari
Cheibriados
Dithmenos
Elyvilon
Fedhas
Gozag
Hepliaklqana
Kikubaaqudgha
Nemelex Xobeh
Ru
Sif Muna
Trog
Uskayaw
Wu Jian
Xom
Yredelemnul
Zin
The Shining One
Beogh

Shops:
D:5 [   D:7 [::!*   D:8 [

Annotations:
IceCv exclusion: 2 ice statues


Message History

Confirm with . or Enter, or press ? or * to list all spells.
Aiming: Lightning Bolt (dangerous; 3% risk of failure)
Press: ? - help, Shift-Dir - straight line, f/p - ice beast
Aim: an ice beast (severely wounded, summoned)
You feel a surge of power!
You hear a mighty clap of thunder!
The bolt of lightning misses the ice beast.
Casting: Lightning Bolt (dangerous; 3% risk of failure)
Confirm with . or Enter, or press ? or * to list all spells.
Aiming: Lightning Bolt (dangerous; 3% risk of failure)
Press: ? - help, Shift-Dir - straight line, f/p - ice beast
Aim: an ice beast (heavily wounded, summoned)
You feel a surge of power!
You hear a mighty clap of thunder!
The bolt of lightning misses the ice beast.
The ice beast hits you but does no damage.
You feel better. The ice beast hits you.
* * * LOW HITPOINT WARNING * * *
The ice beast freezes you!
You die...

####### #############
#.....## ##...[.#8....##
#......###.....)#......#
#.......#.......#.......
#.......#.......#.......
#.∩..∩..........÷.......
#.......#.......#○......
#.......#.....Y.#○Y.....
#......###...@..#......#
#.....## ##....)#8....##
####### #############


You could see an ice beast (summoned).

Vanquished Creatures
  A two-headed ogre (D:6)
  3 ugly things
  A gargoyle (D:10)
  4 kobold demonologists (D:11)
  A troll (D:8)
  2 hornets
  2 hippogriffs
  A human (D:11)
  A wyvern (D:11)
  9 yaks
  2 wargs
  An acid dragon (D:8)
  2 black bears
  7 orc warriors
  12 ice beasts
  7 ogres
  2 phantoms (D:9)
  3 wolves (D:8)
  2 centaurs
  A crocodile (D:11)
  4 big kobolds
  A wyvern skeleton (D:10)
  A scorpion (D:7)
  4 killer bees (D:11)
  7 howler monkeys
  5 wights (D:11)
  An electric eel (D:8)
  A quasit (D:5)
  A centaur zombie (D:7)
  A bullfrog zombie (D:9)
  15 orc priests
  9 hounds
  3 jellies
  2 gnoll shamans
  2 iguanas
  18 orc wizards
  8 worker ants
  A hound zombie (D:6)
  A hound skeleton (D:9)
  A howler monkey zombie (D:9)
  3 worker ant zombies
  Robin (D:2)
  9 gnolls
  A howler monkey skeleton (D:4)
  16 adders
  3 shadow imps
  3 white imps
  2 ufetubi
  2 adder skeletons
  2 worms
  2 dart slugs (D:1)
  5 leopard geckos
  79 orcs
  4 ball pythons
  8 bats
  2 giant cockroaches
  14 goblins
  5 hobgoblins
  6 jackals
  26 kobolds
  7 quokkas
  2 frilled lizards
  2 quokka skeletons
  14 rats
368 creatures vanquished.

Vanquished Creatures (others)
  A human (D:3)
1 creature vanquished.

Grand Total: 369 creatures vanquished

Notes
Turn   | Place    | Note
-------+----------+-------------------------------------------
     0 | D:1      | Cokeysmoke the Deep Elf Air Elementalist began the quest
                  | for the Orb.
     0 | D:1      | Reached XP level 1. HP: 10/10 MP: 6/6
   300 | D:1      | Reached XP level 2. HP: 15/15 MP: 4/8
  1055 | D:1      | Learned a level 2 spell: Swiftness
  1170 | D:2      | Reached XP level 3. HP: 19/19 MP: 3/10
  1380 | D:2      | Reached skill level 4 in Spellcasting
  1523 | D:2      | Reached XP level 4. HP: 24/24 MP: 6/12
  1534 | D:2      | Noticed Robin
  1596 | D:2      | Killed Robin
  2306 | D:2      | Found a shadowy altar of Dithmenos.
  2877 | D:3      | Reached XP level 5. HP: 28/28 MP: 0/14
  3072 | D:3      | Reached skill level 5 in Spellcasting
  3158 | D:3      | Found an ancient bone altar of Kikubaaqudgha.
  3161 | D:3      | Noticed a human
  3162 | D:3      | Killed a human
  3430 | D:3      | Found a glowing drain.
  3439 | Sewer    | Entered a sewer
  3528 | Sewer    | Reached XP level 6. HP: 32/32 MP: 1/16
  3638 | Sewer    | Found a white marble altar of Elyvilon.
  4034 | D:4      | Learned a level 3 spell: Static Discharge
  4333 | D:4      | Reached skill level 6 in Spellcasting
  5223 | D:4      | Reached XP level 7. HP: 36/36 MP: 12/18
  5318 | D:5      | Entered Level 5 of the Dungeon
  5389 | D:5      | Found an ancient bone altar of Kikubaaqudgha.
  5582 | D:5      | Noticed a hippogriff
  5597 | D:5      | Killed a hippogriff
  5597 | D:5      | Reached skill level 5 in Stealth
  5597 | D:5      | Reached skill level 7 in Spellcasting
  5758 | D:5      | You fall into a shaft and drop 2 floors!
  5818 | D:7      | Reached skill level 5 in Dodging
  5818 | D:7      | Reached XP level 8. HP: 41/41 MP: 13/21
  5895 | D:7      | Found Bimn's Book Boutique.
  5926 | D:6      | Reached skill level 8 in Spellcasting
  6201 | D:5      | Found Ithelewu's Antique Armour Shop.
  6207 | D:5      | Bought a shiny buckler for 135 gold pieces
  6355 | D:5      | Reached skill level 1 in Shields
  6602 | D:5      | Reached skill level 1 in Staves
  6867 | D:6      | Noticed a two-headed ogre
  6896 | D:6      | Killed a two-headed ogre
  6896 | D:6      | Reached XP level 9. HP: 14/45 MP: 8/23
  7220 | D:6      | Found a staircase to the Ecumenical Temple.
  7227 | Temple   | Entered the Ecumenical Temple
  7322 | Temple   | Became a worshipper of Sif Muna the Loreminder
  7392 | D:6      | Found a runed translucent door.
  7711 | D:6      | Reached skill level 5 in Air Magic
  7871 | D:6      | Reached skill level 1 in Evocations
  7990 | D:6      | Found a roughly hewn altar of Beogh.
  8056 | D:7      | Found Ileysk's Distillery.
  8066 | D:7      | Found Lopuchawk's Book Shop.
  8185 | D:7      | Found a blossoming altar of Fedhas.
  8198 | D:7      | Found Kemy's General Store.
  8204 | D:7      | Reached * piety under Sif Muna
  8226 | D:7      | Bought a scroll of identify for 22 gold pieces
  8386 | D:7      | Found Ulasag's Armour Boutique.
  8394 | D:7      | Learned a level 4 spell: Airstrike
  8856 | D:8      | Reached skill level 1 in Invocations
  8948 | D:8      | Noticed a troll
  8960 | D:8      | Reached skill level 5 in Conjurations
  8960 | D:8      | HP: 2/45 [/static electricity (3)]
  9092 | D:8      | Reached skill level 5 in Staves
  9192 | D:8      | Reached ** piety under Sif Muna
  9192 | D:8      | Reached skill level 9 in Spellcasting
  9426 | D:8      | Killed a troll
  9426 | D:8      | Reached XP level 10. HP: 14/50 MP: 3/25
 10093 | D:8      | Found Wuqubik's Antique Armour Shoppe.
 10099 | D:8      | Bought a twisted helmet for 228 gold pieces
 10109 | D:8      | Identified the +0 helmet "Gigamp" {+Fly} (You bought it in
                  | a shop on level 8 of the Dungeon)
 10160 | D:8      | Found a staircase to the Lair.
 11055 | D:9      | Reached skill level 1 in Armour
 11350 | D:9      | Reached *** piety under Sif Muna
 11425 | D:9      | Found a shattered altar of Ashenzari.
 11600 | D:9      | Learned a level 3 spell: Confusing Touch
 11604 | D:9      | Learned a level 3 spell: Gell's Gravitas
 12206 | D:10     | Entered Level 10 of the Dungeon
 12208 | D:10     | Noticed a gargoyle
 12218 | D:10     | Killed a gargoyle
 12218 | D:10     | Reached skill level 1 in Hexes
 12218 | D:10     | Reached skill level 1 in Translocations
 12349 | D:10     | Learned a level 5 spell: Lightning Bolt
 13248 | D:10     | Got a steaming scale mail
 13259 | D:10     | Identified the cursed +0 scale mail of the Enchanted Forest
                  | {rCorr Dex+4 Slay+3} (You found it on level 10 of the
                  | Dungeon)
 13399 | D:11     | Reached skill level 10 in Spellcasting
 13503 | D:11     | Reached XP level 11. HP: 34/54 MP: 8/27
 13700 | D:11     | Reached **** piety under Sif Muna
 14026 | D:11     | Found a staircase to the Orcish Mines.
 14049 | D:11     | Reached skill level 5 in Invocations
 14476 | D:11     | Noticed a white ugly thing
 14480 | D:11     | Killed a white ugly thing
 14799 | D:11     | Noticed a brown ugly thing
 14803 | D:11     | Killed a brown ugly thing
 14803 | D:11     | Reached skill level 11 in Spellcasting
 14808 | D:11     | Learned a level 3 spell: Ozocubu's Armour
 15314 | Orc:1    | Entered Level 1 of the Orcish Mines
 15530 | Orc:2    | Entered Level 2 of the Orcish Mines
 15557 | Orc:2    | Noticed an orc knight
 15565 | Orc:2    | Found a frozen archway.
 15573 | IceCv    | Entered an ice cave
 15584 | IceCv    | Reached skill level 1 in Ice Magic
 15753 | IceCv    | Noticed a white ugly thing
 15762 | IceCv    | Killed a white ugly thing
 15985 | IceCv    | Slain by an ice beast

Illustrated notes

Levels and vault maps discovered:
D:1:      wander_arrival_fairy_ring, layout_basic
D:2:      layout_basic, grunt_dithmenos_smoke_and_mirrors, uniq_robin
D:3:      layout_loops_ring, portal_sewer_entry_d, tgw_kikubaaqudgha
D:4:      wander_river, layout_basic
D:5:      layout_basic, nicolae_overflow_crystal_walls, serial_shops, shop
D:6:      layout_rooms, minmay_temple_entry_junction, lightli_church_of_beogh
D:7:      layout_rooms, serial_shops, shop, nicolae_shop_behind_doors,
          nicolae_shop_waterfront, nicolae_shop_crystal, nicolae_shop_crystal,
          fedhas_altar_3
D:8:      layout_loops_cross, erik_lair_island, serial_shops, nicolae_shop_trees
D:9:      layout_basic, evilmike_ruin_ashenzari
D:10:     layout_basic
D:11:     layout_loops_cross, erik_orc_4
Temple:   kilobyte_greek_temple
Orc:1:    orc_temple, layout_diamond_mine, guppyfry_library_mini
Orc:2:    st_orc_town, layout_caves, portal_ice_cave_entry_pillars_2,
          nicolae_orc_crystal_geode
IceCv:    ice_cave_statue_garden_chambered

Skill      XL: |  1  2  3  4  5  6  7  8  9 10 11 |
---------------+----------------------------------+-----
Dodging        | 3 4 5 6 |  6.5
Stealth        | 3 4 5 6 |  6.0
Spellcasting   | 4 5 6 7 8 9 10 11 | 11.3
Conjurations   | 2 3 4 5 6 7 |  7.2
Air Magic      | 4 6 7 9 |  9.2
Shields        | 4 |  4.0
Staves         | 4 5 |  5.2
Evocations     | 2 3 |  3.8
Invocations    | 2 4 5 |  5.9
Armour         | 2 |  2.1
Hexes          | 2 |  2.3
Translocations | 2 |  2.0
Ice Magic      | 1 |  1.4

Action                   |  1- 3 |  4- 6 |  7- 9 | 10-12 || total
-------------------------+-------+-------+-------+-------++-------
Melee: Short sword       |     1 |     6 |       |       ||     7
       Staff             |       |       |    11 |    40 ||    51
 Cast: Shock             |    60 |   191 |   228 |   300 ||   779
       Static Discharge  |       |       |    51 |    92 ||   143
       Swiftness         |       |       |     4 |     1 ||     5
       Airstrike         |       |       |     2 |    32 ||    34
       Lightning Bolt    |       |       |       |    19 ||    19
       Gell's Gravitas   |       |       |       |     4 ||     4
       Ozocubu's Armour  |       |       |       |     1 ||     1
Invok: Channel Magic     |       |       |     1 |     4 ||     5
Evoke: Wand              |       |       |       |     2 ||     2
  Use: Scroll            |       |     3 |     9 |     7 ||    19
       Potion            |       |     4 |     4 |     6 ||    14
Armor: Robe              |     1 |       |       |       ||     1
       Animal skin       |       |     8 |    11 |       ||    19
       Skin              |       |       |    19 |     1 ||    20
       Acid dragon scale |       |       |       |    22 ||    22
       Troll leather arm |       |       |       |     1 ||     1
Dodge: Dodged            |    13 |    22 |    62 |    53 ||   150
Block: Buckler           |       |       |    32 |    44 ||    76

Table legend: (Time is in decaauts)
 A = Elapsed time spent in this place.
 B = Non-inter-level travel time spent in this place.
 C = Inter-level travel time spent in this place.
 D = Time resting spent in this place.
 E = Time spent auto-exploring this place.
 F = Levels seen in this place.
 G = Mean time per level.
                   A        B        C        D        E       F      G
               +--------+--------+--------+--------+--------+-----+--------+
         Total |  16026 |  15746 |    280 |   3554 |  10008 |  16 | 1001.6 |
       Dungeon |  14965 |  14717 |    248 |   3067 |   9620 |  11 | 1360.5 |
        Temple |    127 |     95 |     32 |      0 |     89 |   1 |  127.0 |
  Orcish Mines |    258 |    258 |      0 |    108 |     79 |   2 |  129.0 |
         Sewer |    263 |    263 |      0 |     28 |    204 |   1 |  263.0 |
      Ice Cave |    411 |    411 |      0 |    351 |     16 |   1 |  411.0 |
               +--------+--------+--------+--------+--------+-----+--------+

Top non-repeatable levels by time:
    D:11: 2023 daAuts
     D:8: 2014 daAuts
     D:2: 1671 daAuts
     D:9: 1497 daAuts
     D:6: 1428 daAuts
     D:4: 1362 daAuts
     D:1: 1147 daAuts
    D:10: 1080 daAuts
     D:5: 1021 daAuts
     D:3: 924 daAuts
     D:7: 794 daAuts
   IceCv: 411 daAuts
   Sewer: 263 daAuts
   Orc:1: 215 daAuts
  Temple: 127 daAuts
